Map: Bel'Shir Vestige LE (Void)

Players

Nerchio - Winner!

  • Race: Zerg Zerg
  • Spawn Location: 5:00

Serral

  • Race: Zerg Zerg
  • Spawn Location: 11:00

Event: IEM XI Katowice - World Championship 2017

VOD

Have the link to the VOD?

Description

Time

  • Played on: March 3, 2017, 7:27 a.m.
  • Length: 24:42

All games in this series

Show
View Real Time Build Order
Export as new Build Order

Nerchio Zerg - Winner!

Build Orders: Hatch First, Zergling Baneling 

Get SALT Encoding   

  12  0:00  Drone  
  13  0:12  Overlord  
  13  0:17  Drone  
  14  0:30  Drone x2  
  14  0:34  Drone  
  17  0:51  Hatchery  
  17  0:54  Drone  
  17  0:57  Drone  
  18  1:05  Extractor  
  17  1:13  Spawning Pool  
  17  1:15  Drone  
  17  1:19  Drone  
  18  1:27  Drone  
  19  1:38  Overlord  
  19  1:49  Drone  
  20  1:59  Queen  
  20  2:00  Zergling x2  
  23  2:03  Queen  
  23  2:05  Metabolic Boost  
  23  2:06  Zergling x2  
  26  2:11  Drone  
  26  2:14  Drone  
  28  2:21  Drone  
  29  2:25  Drone  
  29  2:28  Baneling Nest  
  29  2:32  Drone  
  30  2:48  Hatchery, Drone  
  30  2:51  Drone  
  31  2:56  Overlord  
  31  3:00  Zergling x2  
  32  3:08  Zergling x6  
  35  3:14  Overlord  
  35  3:15  Zergling x2  
  35  3:16  Zergling x2  
  37  3:20  Baneling x2  
  37  3:21  Baneling x2  
  37  3:24  Drone  
  37  3:25  Drone  
  39  3:28  Drone  
  39  3:31  Drone  
  41  3:34  Drone x2  
  41  3:37  Drone  
  43  3:42  Drone  
  43  3:43  Drone  
  43  3:44  Drone  
  46  3:49  Drone  
  46  3:50  Drone  
  46  3:51  Drone  
  46  3:53  Extractor  
  48  3:56  Overlord  
  48  4:02  Drone x3  
  46  4:03  Zergling x2  
  46  4:10  Queen  
  46  4:11  Zergling x2  
  46  4:12  Zergling x2  
  46  4:13  Zergling x2  
  46  4:16  Zergling x4  
  53  4:18  Zergling x2  
  53  4:22  Zergling x2, Baneling x2  
  53  4:23  Zergling x2  
  56  4:28  Zergling x6  
  56  4:29  Baneling  
  56  4:30  Baneling  
  59  4:33  Baneling x2  
  59  4:35  Zergling x4  
  61  4:42  Overlord  
  60  4:50  Drone x7  
  63  4:55  Roach Warren  
  63  4:59  Queen  
  59  5:01  Drone  
  59  5:02  Drone  
  59  5:03  Baneling x2  
  59  5:04  Drone  
  59  5:06  Drone  
  63  5:07  Drone  
  64  5:14  Lair  
  64  5:15  Drone  
  64  5:16  Drone  
  66  5:21  Overlord  
  66  5:27  Zergling x8  
  63  5:34  Extractor  
  61  5:37  Evolution Chamber  
  61  5:38  Zergling x18  
  69  5:44  Zergling x2  
  70  5:51  Zergling x2  
  70  5:52  Zergling x2  
  69  5:58  Drone x3  
  69  6:00  Queen  
  69  6:03  Zergling x2  
  73  6:04  Baneling x2  
  73  6:08  Zergling x2  
  73  6:09  Drone x2  
  73  6:10  Drone x2  
  72  6:11  Drone  
  72  6:12  Drone x3  
  76  6:19  Spire, Drone x2  
  76  6:20  Drone  
  76  6:21  Extractor  
  76  6:24  Extractor  
  76  6:25  Extractor  
  75  6:28  Drone  
  71  6:34  Roach x2  
  71  6:35  Glial Reconstitution  
  77  6:40  Roach x2  
  77  6:41  Roach  
  77  6:46  Overlord  
  81  6:47  Overlord x2  
  81  6:49  Overlord  
  81  6:51  Overlord  
  78  7:06  Drone x2  
  80  7:09  Drone x4  
  80  7:12  Zerg Missile Weapons Level 1  
  84  7:24  Unknown  
  84  7:25  Overseer  
  84  7:33  Mutalisk x7, Zerg Flyer Weapons Level 1  
  84  7:36  Drone  
  84  7:37  Drone x3  
  102  7:45  Drone x3  
  102  7:46  Drone  
  102  7:50  Roach  
  102  7:51  Evolution Chamber, Roach x3  
  114  7:53  Roach  
  114  7:54  Roach  
  114  7:55  Hatchery  
  116  7:59  Roach x2  
  116  8:00  Overlord  
  116  8:05  Burrow  
  120  8:07  Tunneling Claws  
  120  8:12  Overlord x2  
  120  8:14  Overlord  
  120  8:24  Zerg Ground Armor Level 1  
  120  8:25  Drone x2  
  122  8:27  Infestation Pit  
  122  8:29  Roach x4  
  122  8:32  Roach  
  122  8:33  Roach  
  133  8:50  Overlord x3  
  133  8:54  Overseer  
  135  8:55  Roach  
  135  8:56  Roach x7  
  135  8:57  Extractor  
  135  9:00  Roach  
  135  9:01  Roach x2  
  153  9:07  Roach x3  
  153  9:09  Roach  
  161  9:12  Roach x2  
  161  9:16  Infestor  
  167  9:17  Infestor  
  167  9:21  Zerg Missile Weapons Level 2  
  167  9:22  Unknown  
  169  9:36  Roach  
  169  9:37  Overlord x2  
  171  9:40  Overlord  
  171  9:43  Infestor  
  171  9:44  Infestor  
  171  9:45  Overlord x2  
  174  9:58  Ravager x4  
  178  10:01  Extractor  
  177  10:10  Roach  
  179  10:14  Roach  
  179  10:20  Ravager  
  179  10:21  Ravager x4  
  186  10:25  Roach x4  
  186  10:27  Roach  
  186  10:28  Roach  
  198  10:32  Roach  
  200  10:47  Roach  
  191  10:51  Roach  
  191  10:52  Roach x5  
  191  10:53  Roach  
  191  10:54  Roach x2  
  191  10:55  Roach x3  
  191  10:56  Roach x9  
  182  10:57  Roach  
  182  10:58  Roach  
  182  10:59  Roach  
  182  11:01  Roach  
  182  11:03  Roach  
  194  11:04  Roach x2  
  194  11:06  Roach  
  194  11:07  Roach x22  
  200  11:21  Hive  
  200  11:32  Roach x6  
  200  11:52  Roach x3  
  196  11:55  Roach  
  196  11:56  Roach  
  196  11:59  Infestor x2  
  176  12:02  Roach x6  
  176  12:05  Roach  
  176  12:06  Roach x2  
  180  12:09  Roach x10  
  177  12:16  Drone x13  
  177  12:17  Roach x25  
  177  12:18  Overseer x2  
  175  12:26  Roach x3  
  181  12:30  Drone  
  181  12:31  Drone x13  
  181  12:33  Drone  
  181  12:34  Roach  
  181  12:37  Roach x4  
  181  12:41  Drone x6  
  179  12:46  Drone x12  
  179  12:54  Drone  
  179  12:55  Drone x2  
  179  12:57  Extractor  
  181  13:07  Zerg Missile Weapons Level 3  
  181  13:14  Overseer  
  181  13:15  Overlord x2  
  181  13:18  Drone x2  
  183  13:35  Ravager x7  
  183  13:36  Roach  
  192  13:43  Unknown x3  
  192  13:47  Roach  
  188  13:59  Hatchery  
  188  14:01  Overlord  
  187  14:12  Overlord  
  187  14:17  Overlord  
  187  14:22  Ravager x7  
  194  14:24  Zerg Ground Armor Level 2  
  194  14:29  Overlord  
  194  14:37  Infestor x2  
  198  14:44  Pneumatized Carapace  
  198  14:45  Drone x2  
  198  15:16  Roach  
  198  15:17  Roach x33  
  198  15:18  Roach x7  
  189  15:22  Roach  
  189  15:26  Roach  
  191  15:29  Roach x2  
  191  15:33  Roach  
  162  15:50  Roach x6  
  142  15:57  Drone x8  
  142  15:59  Infestor x2  
  142  16:01  Roach x2  
  142  16:04  Roach  
  143  16:08  Drone x2  
  144  16:13  Roach  
  144  16:18  Roach  
  148  16:21  Overseer  
  148  16:22  Roach  
  150  16:29  Roach x2  
  150  16:31  Roach  
  158  16:40  Roach x2  
  158  16:44  Ravager  
  161  16:47  Infestor  
  161  16:49  Ravager x3  
  161  16:50  Ravager x2  
  161  16:51  Ravager  
  169  17:04  Unknown x4, Roach x2  
  173  17:10  Roach x3  
  173  17:11  Roach  
  181  17:27  Roach  
  181  17:28  Roach x4  
  191  17:31  Roach  
  191  17:36  Roach  
  191  17:37  Roach  
  197  17:44  Unknown  
  197  17:45  Unknown x4  
  197  18:06  Spine Crawler  
  196  18:22  Hatchery  
  195  18:56  Spine Crawler, Unknown  
  195  18:57  Spine Crawler x2  
  192  19:03  Viper x2  
  182  19:39  Roach  
  182  19:40  Roach x4  
  182  19:45  Roach x8  
  192  19:47  Roach x4  
  192  19:50  Roach x2  
  177  19:53  Roach x2  
  177  19:54  Roach  
  177  19:55  Roach  
  183  20:04  Roach x3  
  183  20:05  Roach x2  
  166  20:07  Roach x2  
  166  20:10  Roach x8  
  166  20:11  Roach  
  141  20:17  Roach  
  141  20:20  Roach  
  137  20:30  Roach x2  
  137  20:35  Roach  
  135  20:39  Roach  
  123  20:44  Roach  
  124  20:51  Ravager  
  124  20:53  Roach  
  125  20:59  Infestor  
  126  21:05  Infestor  
  128  21:13  Drone x11  
  128  21:16  Spore Crawler  
  124  21:26  Infestor  
  124  21:30  Infestor  
  128  21:34  Ravager  
  128  21:35  Ravager x3  
  129  21:51  Drone  
  129  21:58  Infestor  
  131  22:04  Queen  
  133  22:12  Roach  
  134  22:23  Hatchery, Roach x2  
  137  22:30  Roach x2  
  141  22:38  Roach  
  141  22:41  Roach  
  141  22:44  Roach  
  147  22:48  Roach  
  149  22:54  Roach  
  147  22:59  Roach  
  147  23:00  Roach  
  147  23:03  Unknown x3  
  147  23:04  Unknown x2  
  151  23:10  Roach  
  151  23:12  Roach x30  
  153  23:14  Roach  
  153  23:18  Roach  
  143  23:23  Roach  
  145  23:33  Roach  
  141  23:42  Roach  
  141  23:43  Overseer  
  143  23:49  Unknown, Roach  
  143  23:50  Unknown x2  
  143  23:54  Roach x34  
  144  24:05  Roach x2  
  144  24:06  Roach  
  134  24:15  Roach  
  136  24:18  Roach  
Show
View Real Time Build Order
Export as new Build Order

Serral Zerg 

Build Orders: Hatch First, Zergling Baneling 

Get SALT Encoding   

  12  0:00  Drone  
  13  0:12  Overlord  
  13  0:17  Drone  
  14  0:30  Drone  
  14  0:31  Drone  
  14  0:34  Drone  
  17  0:51  Hatchery  
  17  0:54  Drone  
  17  0:57  Drone  
  18  1:05  Extractor  
  17  1:12  Spawning Pool  
  17  1:15  Drone  
  17  1:18  Drone  
  18  1:28  Drone  
  19  1:38  Overlord  
  19  1:52  Drone  
  20  1:59  Queen  
  20  2:00  Zergling x2  
  23  2:02  Queen  
  23  2:08  Drone  
  26  2:09  Metabolic Boost  
  26  2:11  Drone  
  26  2:14  Drone  
  28  2:22  Drone  
  29  2:24  Drone  
  30  2:33  Zergling x2  
  31  2:37  Hatchery  
  31  2:39  Zergling x2  
  31  2:44  Baneling Nest  
  30  2:52  Overlord  
  30  2:53  Drone  
  30  2:54  Drone  
  32  2:59  Queen  
  32  3:03  Zergling x2  
  35  3:08  Drone  
  35  3:11  Drone x2  
  38  3:15  Drone  
  38  3:16  Drone  
  38  3:17  Drone  
  41  3:21  Zergling x2  
  41  3:26  Zergling x4  
  44  3:27  Baneling  
  44  3:32  Baneling  
  44  3:33  Baneling  
  44  3:36  Overlord  
  44  3:40  Overlord  
  43  3:42  Zergling x2  
  43  3:44  Baneling x2  
  43  3:48  Overlord  
  43  3:50  Overlord  
  43  4:00  Zergling x4  
  43  4:01  Zergling x2  
  44  4:05  Drone x2  
  44  4:06  Zergling x2, Drone  
  44  4:09  Drone  
  49  4:12  Drone x3  
  49  4:13  Drone  
  49  4:15  Roach Warren  
  49  4:16  Zergling x2  
  53  4:18  Extractor  
  53  4:21  Drone x2  
  54  4:27  Baneling x2  
  54  4:28  Zergling x4  
  54  4:30  Drone  
  57  4:35  Extractor  
  57  4:37  Overlord  
  56  4:39  Drone x2  
  56  4:41  Drone  
  56  4:45  Drone  
  61  4:47  Drone  
  61  4:50  Drone  
  61  4:51  Zergling x2, Baneling x2  
  61  4:52  Zergling x4  
  63  4:53  Drone x2  
  63  4:59  Zergling x6, Evolution Chamber  
  63  5:00  Zergling x2, Extractor  
  63  5:01  Zergling x2  
  63  5:04  Baneling x2  
  63  5:08  Lair  
  63  5:11  Drone x2  
  63  5:12  Drone x2  
  63  5:14  Drone  
  68  5:23  Drone  
  68  5:25  Drone  
  68  5:27  Zerg Missile Weapons Level 1, Drone  
  69  5:29  Drone x3  
  69  5:32  Overlord  
  69  5:35  Drone x3  
  68  5:37  Drone x2  
  70  5:43  Baneling x2, Drone x2  
  70  5:47  Overlord  
  70  5:48  Extractor, Roach  
  70  5:49  Roach  
  75  5:51  Roach  
  75  5:55  Drone x2  
  77  5:58  Roach x2  
  77  5:59  Roach  
  77  6:00  Drone  
  77  6:03  Drone x2  
  86  6:04  Overlord  
  86  6:07  Roach  
  86  6:10  Roach  
  88  6:12  Roach  
  88  6:13  Roach x2  
  88  6:14  Roach  
  88  6:15  Roach  
  96  6:23  Overseer, Roach, Extractor  
  96  6:24  Roach  
  99  6:28  Drone x3  
  99  6:31  Roach x2  
  99  6:32  Overlord  
  105  6:36  Extractor  
  105  6:37  Ravager  
  105  6:43  Overlord  
  105  6:46  Overlord  
  105  6:52  Overlord  
  105  6:53  Overlord  
  105  6:55  Drone  
  105  6:56  Drone  
  105  7:06  Infestation Pit, Drone x2  
  105  7:07  Overlord, Drone  
  105  7:08  Roach x5  
  115  7:09  Roach x2  
  115  7:13  Glial Reconstitution  
  115  7:15  Roach  
  123  7:22  Overlord  
  123  7:23  Roach  
  123  7:24  Roach x3  
  123  7:28  Zerg Missile Weapons Level 2  
  133  7:31  Overlord  
  133  7:32  Roach x3  
  133  7:33  Roach  
  143  7:37  Overlord  
  143  7:40  Queen x2  
  143  7:42  Queen  
  145  7:50  Spore Crawler  
  145  7:51  Spore Crawler  
  143  7:52  Infestor x2, Spore Crawler  
  143  7:56  Infestor  
  143  7:58  Spore Crawler  
  147  7:59  Spore Crawler  
  147  8:00  Spore Crawler  
  147  8:02  Drone x3  
  147  8:03  Drone  
  149  8:08  Spore Crawler  
  148  8:15  Queen  
  148  8:16  Burrow  
  148  8:18  Queen  
  152  8:22  Drone x2  
  152  8:24  Overlord  
  152  8:25  Overlord  
  152  8:26  Overlord  
  154  8:27  Overlord  
  154  8:31  Overlord  
  154  8:32  Overlord  
  154  8:33  Overseer  
  154  8:46  Infestor x3  
  160  8:53  Pneumatized Carapace  
  160  8:56  Overlord  
  160  8:57  Roach x3  
  160  9:00  Hydralisk Den  
  165  9:06  Roach x4  
  165  9:09  Overlord  
  173  9:20  Ravager  
  173  9:21  Ravager  
  173  9:27  Queen  
  173  9:31  Hydralisk x5, Muscular Augments  
  175  9:38  Overseer  
  185  9:44  Hydralisk x3  
  185  9:45  Roach x2  
  189  9:57  Overseer  
  189  10:01  Tunneling Claws  
  189  10:04  Overlord  
  189  10:07  Overlord  
  189  10:09  Overlord  
  189  10:10  Hatchery  
  189  10:12  Overlord  
  188  10:15  Overlord  
  186  10:26  Overseer  
  186  10:29  Hydralisk x5, Hive  
  186  10:30  Hydralisk  
  186  10:35  Overlord  
  198  10:38  Roach  
  180  10:52  Roach  
  180  10:53  Roach x13  
  191  10:57  Roach x22  
  191  11:00  Infestor  
  193  11:05  Roach  
  193  11:10  Roach x20, Drone x3  
  196  11:11  Roach x7  
  196  11:13  Roach x2  
  196  11:17  Infestor  
  198  11:19  Extractor  
  198  11:20  Extractor  
  196  11:31  Roach x4  
  196  11:32  Roach x2  
  196  11:34  Roach x2  
  196  11:35  Roach x3  
  194  11:50  Roach  
  194  11:51  Roach x4  
  194  11:56  Roach x7  
  189  12:03  Roach  
  189  12:04  Roach x8  
  189  12:08  Roach  
  198  12:09  Roach x2  
  198  12:12  Roach x3  
  186  12:16  Roach x3  
  186  12:18  Hatchery, Roach x3  
  185  12:23  Infestor x2  
  185  12:25  Ravager x5  
  194  12:32  Roach x3  
  194  12:34  Roach x19  
  194  12:38  Roach x2  
  194  12:40  Hydralisk x2  
  194  12:41  Roach x2  
  196  12:47  Overseer  
  196  12:52  Roach x3  
  196  12:57  Zerg Missile Weapons Level 3  
  200  12:59  Drone x2  
  200  13:03  Drone x2  
  200  13:16  Extractor  
  199  13:25  Overseer  
  199  13:26  Roach x13  
  199  13:27  Spine Crawler, Roach x2  
  198  13:29  Overseer  
  198  13:30  Queen  
  194  13:56  Roach x3  
  194  14:00  Drone x4  
  194  14:01  Spine Crawler x2, Spore Crawler, Drone  
  194  14:02  Infestor x2  
  200  14:14  Overlord  
  200  14:20  Overlord  
  200  14:22  Overlord x2  
  200  14:28  Overseer  
  200  14:34  Roach x5  
  200  14:39  Spire  
  200  14:44  Roach x5  
  200  14:45  Roach x4  
  199  14:47  Unknown  
  199  14:48  Unknown  
  195  14:54  Roach x3  
  195  14:55  Roach  
  193  15:07  Roach x4  
  199  15:21  Infestor x3  
  180  15:22  Roach x21  
  180  15:23  Roach x8  
  194  15:31  Ravager x3  
  194  15:32  Roach x2  
  194  15:33  Roach  
  194  15:34  Infestor x2  
  194  15:35  Unknown x6  
  199  15:36  Unknown  
  199  15:38  Overseer  
  195  15:44  Roach x10  
  162  15:51  Roach  
  162  15:52  Roach x9  
  166  15:59  Roach  
  166  16:00  Roach x2  
  166  16:01  Roach  
  166  16:04  Ravager x4  
  163  16:21  Infestor x2  
  167  16:30  Ravager  
  167  16:31  Roach x5, Ravager  
  173  16:41  Roach x2  
  173  16:50  Greater Spire  
  171  17:06  Hatchery  
  168  17:11  Corruptor x2  
  168  17:12  Corruptor x3  
  178  17:21  Corruptor x2  
  178  17:22  Corruptor  
  184  17:26  Zerg Ground Armor Level 1  
  184  17:44  Unknown x3  
  184  17:45  Unknown  
  184  17:54  Unknown  
  184  18:02  Brood Lord  
  184  18:03  Brood Lord x5  
  184  18:05  Brood Lord  
  198  18:11  Unknown x2  
  198  18:12  Brood Lord  
  198  18:38  Unknown  
  197  18:55  Roach x11  
  197  19:17  Corruptor  
  197  19:28  Overlord  
  197  19:38  Roach x2  
  160  19:49  Roach x5  
  160  19:50  Roach x10  
  167  19:53  Roach x10  
  177  20:02  Roach  
  146  20:08  Roach  
  146  20:09  Roach x5  
  124  20:27  Unknown x2  
  120  20:32  Roach  
  120  20:33  Roach x3  
  96  20:43  Roach x3  
  98  20:56  Infestor x2  
  102  21:04  Queen x2  
  102  21:10  Ravager  
  102  21:11  Ravager  
  104  21:17  Roach x19  
  104  21:37  Ravager x2  
  106  22:07  Roach  
  106  22:08  Roach x6  
  120  22:27  Roach  
  115  22:34  Roach  
  115  22:35  Roach x5  
  103  22:58  Roach x3  
  107  23:06  Roach x18  
  103  23:18  Roach  
  103  23:19  Roach x2  
  103  23:25  Roach x20  
  103  23:28  Roach  
  103  23:36  Roach  
  105  23:45  Ravager x2  
  99  24:06  Roach  
  99  24:08  Ravager  
  101  24:10  Ravager  

Tags
 
Add a new tag
Caveats
  • Supply blocks, unpowered buildings, or Contaminate may cause inaccurate times.
  • Supply counts are checked every 10 seconds.